 Dungeon Crawl Stone Soup version 0.27-a0-1245-g940ed4fa31 (webtiles) character file.

Game seed: 3730656173743458852

221 pokeman the Magician (level 5, -4/29 HPs)
             Began as a Deep Elf Hedge Wizard on June 9, 2021.
             Killed by nerve-wracking pain
             ... invoked by Menkaure
              (11 damage)
             ... on level 4 of the Dungeon.
             The game lasted 00:06:47 (4803 turns).

pokeman the Magician (Deep Elf Hedge Wizard)        Turns: 4803, Time: 00:06:48

Health: -4/29      AC:  4    Str:  7    XL:     5   Next: 65%
Magic:  6/15       EV: 12    Int: 20    God:
Gold:   179        SH:  0    Dex: 14    Spells: 5/16 levels left

rFire    + . .     SeeInvis .   c - +4 dagger
rCold    . . .     Faith    .   (no shield)
rNeg     . . .     Spirit   .   p - +0 leather armour
rPois    .         Reflect  .   o - +0 helmet
rElec    .         Harm     .   (no cloak)
rCorr    .         Rampage  .   (no gloves)
Will     .....                  (no boots)
Stlth    ++........             (no amulet)
HPRegen  0.09/turn              h - ring of protection from fire
MPRegen  0.14/turn              (no ring)

@: no status effects
A: no striking features
a: no special abilities


You were on level 4 of the Dungeon.
You visited 1 branch of the dungeon, and saw 4 of its levels.

You collected 179 gold pieces.

Inventory:

Hand Weapons
 c - a +4 dagger (weapon)
Missiles
 f - 58 arrows
 g - 27 bolts
Armour
 a - a +0 tower shield
 o - a +0 helmet (worn)
 p - a +0 leather armour (worn)
Jewellery
 h - a ring of protection from fire (left hand)
Scrolls
 b - a scroll of brand weapon {unknown}
 d - 2 scrolls of teleportation {unknown}
 e - 4 scrolls of identify {unknown}
 i - a scroll of silence {unknown}
 l - a scroll of blinking {unknown}
 n - a scroll of fog {unknown}
 q - a scroll of amnesia {unknown}
 s - a scroll of noise {unknown}
Potions
 j - a potion of ambrosia {unknown}
 k - 3 potions of heal wounds {unknown}
 m - 2 potions of lignification {unknown}
 r - a potion of curing {unknown}


   Skills:
 - Level 1.0 Fighting
 - Level 1.0 Armour
 - Level 3.0 Dodging
 - Level 3.0 Stealth
 - Level 1.2 Shields
 * Level 6.4 Spellcasting
 + Level 2.8 Conjurations
 - Level 1.1 Summonings
 - Level 1.1 Translocations
 + Level 0.1 Fire Magic
 + Level 0.0 Poison Magic


You had 5 spell levels left.
You knew the following spells:

 Your Spells              Type           Power      Damage    Failure   Level
a - Magic Dart            Conj           68%        1d6       4%          1
b - Mephitic Cloud        Conj/Pois/Air  10%        N/A       30%         3
c - Call Imp              Summ           10%        N/A       14%         2
d - Blink                 Tloc           N/A        N/A       14%         2
e - Conjure Flame         Conj/Fire      12%        6-21      24%         3

Your spell library contained the following spells:

 Spells                   Type           Power      Damage    Failure   Level
 Searing Ray              Conj           34%        3d4       7%          2
 Slow                     Hex            6%         N/A       22%         2
 Dazzling Flash           Conj/Hex       24%        N/A       24%         3
 Iskenderun's Mystic Bla  Conj/Tloc      14%        2d5       54%         4
 Fulminant Prism          Conj/Hex       6%         3d7       63%         4


Dungeon Overview and Level Annotations

Branches:
Dungeon (4/15)
 Temple: D:4-7

Altars:
Fedhas
Qazlal
Zin

Annotations:
D:4 Menkaure


Message History

Confirm with . or Enter, or press ? or * to list all spells.
Aiming: Magic Dart (safe; 4% risk of failure)
Press: ? - help, Shift-Dir - straight line, f/p - Menkaure
Aim: Menkaure (heavily damaged, fast, 100% to hit)
The magic dart hits Menkaure.
Menkaure is severely damaged.
Menkaure closely misses you.
A kobold comes into view. It is wielding a +0 short sword.
Casting: Magic Dart (safe; 4% risk of failure)
Confirm with . or Enter, or press ? or * to list all spells.
Aiming: Magic Dart (safe; 4% risk of failure)
Press: ? - help, Shift-Dir - straight line, f/p - Menkaure
Aim: Menkaure (severely damaged, fast, 100% to hit)
The magic dart hits Menkaure but does no damage.
Menkaure is severely damaged.
Menkaure barely misses you.
Casting: Magic Dart (safe; 4% risk of failure)
Confirm with . or Enter, or press ? or * to list all spells.
Aiming: Magic Dart (safe; 4% risk of failure)
Press: ? - help, Shift-Dir - straight line, f/p - Menkaure
Aim: Menkaure (severely damaged, fast, 100% to hit)
The magic dart hits Menkaure but does no damage.
Menkaure is severely damaged.
Menkaure points at you and mumbles some strange words.
Pain shoots through your body!
Casting: Magic Dart (safe; 4% risk of failure)
Confirm with . or Enter, or press ? or * to list all spells.
Aiming: Magic Dart (safe; 4% risk of failure)
Press: ? - help, Shift-Dir - straight line, f/p - Menkaure
Aim: Menkaure (severely damaged, fast, 100% to hit)
The magic dart hits Menkaure but does no damage.
Menkaure is severely damaged.
Menkaure points at you and mumbles some strange words.
Pain shoots through your body!
Menkaure calls on the powers of darkness!
The kobold convulses!
Your body is wracked with pain!
* * * LOW HITPOINT WARNING * * *
Menkaure casts a spell at you. Pain shoots through your body!
You die...

##### ##..)..####
....####........#
..........#...#.#
....####.####.#.#
..### #.# #...##
..## ..# ###..##
.... .###
#...#### ..>. #.
##.....# ....##
#@###.# ....#
#..MK.# .....
####..# .... #..#
...# (.# ... ...
.. .... . ....
....


You could see Menkaure (fast) and a kobold.

Vanquished Creatures
  An ogre (D:4)
  5 adders
  2 adder skeletons (D:4)
  A worm (D:2)
  A dart slug (D:1)
  3 orcs
  9 ball pythons
  4 bats
  4 endoplasms
  A giant cockroach (D:2)
  9 goblins
  4 hobgoblins
  12 jackals
  3 quokkas
  3 frilled lizards
  10 kobolds
  5 rats
77 creatures vanquished.

Notes
Turn   | Place    | Note
-------+----------+-------------------------------------------
     0 | D:1      | pokeman the Deep Elf Hedge Wizard began the quest for the
                  | Orb.
     0 | D:1      | Reached XP level 1. HP: 10/10 MP: 7/7
   294 | D:1      | Found a faded altar of an unknown god.
   506 | D:1      | Reached XP level 2. HP: 16/16 MP: 7/9
  1328 | D:2      | Reached skill level 5 in Spellcasting
  1438 | D:2      | Reached XP level 3. HP: 18/20 MP: 2/11
  1442 | D:2      | Learned a level 3 spell: Conjure Flame
  1472 | D:2      | Learned a level 3 spell: Mephitic Cloud
  1475 | D:2      | Learned a level 2 spell: Call Imp
  1478 | D:2      | Learned a level 2 spell: Blink
  2533 | D:2      | Reached skill level 1 in Fighting
  2852 | D:3      | Reached skill level 1 in Armour
  3135 | D:3      | Found a glowing silver altar of Zin.
  3302 | D:3      | Reached XP level 4. HP: 25/25 MP: 11/13
  3707 | D:3      | Found a stormy altar of Qazlal.
  3767 | D:3      | Found a blossoming altar of Fedhas.
  4356 | D:4      | Noticed an ogre
  4431 | D:4      | Reached skill level 6 in Spellcasting
  4560 | D:4      | Killed an ogre
  4561 | D:4      | Reached skill level 1 in Shields
  4561 | D:4      | Reached XP level 5. HP: 24/29 MP: 4/15
  4790 | D:4      | Noticed Menkaure
  4803 | D:4      | Killed from afar by Menkaure

Illustrated notes

Levels and vault maps discovered:
D:1:      minmay_arrival_four_circles, layout_basic,
          shapermc_ecumenical_altar_venn, interstate_on_off,
          minmay_misc_feat_ornament
D:2:      minmay_chambers_of_ones, layout_basic
D:3:      layout_loops_corners, grunt_temple_overflow_forces_of_nature,
          nicolae_overflow_crystal_walls, grunt_ministairs_6,
          minmay_misc_feat_doors
D:4:      layout_rooms, old_standard_altar, serial_shops, nicolae_shop_crystal,
          uniq_menkaure, uniq_crazy_yiuf_cottage

Skill      XL: |  1  2  3  4  5 |
---------------+----------------+-----
Spellcasting   | 5 6 |  6.4
Fighting       | 1 |  1.0
Armour         | 1 |  1.0
Conjurations   | 2 |  2.8
Dodging        | 3 |  3.0
Shields        | 1 |  1.2
Stealth        | 3 |  3.0
Summonings     | |  1.1
Translocations | |  1.1
Fire Magic     | |  0.1

Action                   |  1- 3 |  4- 6 || total
-------------------------+-------+-------++-------
Melee: Dagger            |     3 |    10 ||    13
       Long sword        |     3 |       ||     3
 Cast: Magic Dart        |   133 |    89 ||   222
       Call Imp          |     1 |       ||     1
       Conjure Flame     |       |     1 ||     1
       Mephitic Cloud    |       |     1 ||     1
       Blink             |       |     1 ||     1
 Stab: Sleeping          |     1 |       ||     1
Armor: Robe              |     8 |       ||     8
       Leather armour    |       |    10 ||    10
Dodge: Dodged            |    20 |    31 ||    51
       Rpst.: Long sword |     4 |       ||     4

Table legend: (Time is in decaauts)
 A = Elapsed time spent in this place.
 B = Non-inter-level travel time spent in this place.
 C = Inter-level travel time spent in this place.
 D = Time resting spent in this place.
 E = Time spent auto-exploring this place.
 F = Levels seen in this place.
 G = Mean time per level.
                   A        B        C        D        E       F      G
               +--------+--------+--------+--------+--------+-----+--------+
         Total |   4805 |   4570 |    235 |    188 |   3845 |   4 | 1201.2 |
       Dungeon |   4805 |   4570 |    235 |    188 |   3845 |   4 | 1201.2 |
               +--------+--------+--------+--------+--------+-----+--------+

Top non-repeatable levels by time:
     D:2: 1785 daAuts
     D:3: 1619 daAuts
     D:1: 1061 daAuts
     D:4: 339 daAuts
